AoeStats
← Abetterhandle

African Clearing

506811973Analyzed
4v4 RM · 18d ago on Sep 15, 2026· 58m 32s· 8 players
Game mode
Random Map
Map size
Large (8 player)
Population
200
Speed
Normal
Resources
Standard
Victory
Conquest
Starting age
Dark Age
Ending age
Imperial Age
RankedLock teamsTeams togetherTeam positionsShared explorationLock speedFull tech treeHidden civsTurbo modeCheats
Victory
Defeat
🇨🇳 Poles · China
1177
+11
🇳🇿 Malians · New Zealand
990
+18
🇦🇺 Teutons · Australia
967
+19
🇦🇺 Huns · Australia
955
+21
🇳🇿 Inca · New Zealand
1095
-19
🇨🇳 Saracens · China
1036
-17
🇹🇷 Magyars · Türkiye
1036
-17
🇨🇳 Khmer · China
1014
-16
Dio
15:17 Feudal Age
19:42 Castle Age
21:03 Double-Bit Axe
21:00 Horse Collar
22:44 Wheelbarrow
27:38 Forging
27:38 Gold Mining
27:39 Stone Mining
30:05 Scale Barding Armor
31:49 Gold Shaft Mining
32:19 Hand Cart
34:53 Iron Casting
37:24 Chain Barding Armor
38:36 Stone Mining
44:56 Imperial Age
47:34 Bloodlines
47:24 Husbandry
47:49 Husbandry
49:20 Blast Furnace
49:46 Conscription
50:03 Elite Mameluke
52:01 Plate Barding Armor
51:18 Fletching
51:28 Padded Archer Armor
51:26 Loom
53:24 Heavy Plow
53:37 Bow Saw
56:38 Light Cavalry
58:26 Ballistics
57:48 Treadmill Crane
59:09 Chemistry
58:04 Hussar
chichimp
3:51 Loom
12:51 Feudal Age
17:57 Castle Age
16:02 Double-Bit Axe
19:27 Scale Mail Armor
20:13 Bow Saw
20:04 Horse Collar
29:22 Wheelbarrow
33:50 Imperial Age
31:59 Chain Mail Armor
31:54 Forging
32:56 Squires
32:41 Arson
34:16 Elite Kamayuk
35:27 Plate Mail Armor
35:33 Iron Casting
36:23 Iron Casting
36:07 Fabric Shields
36:03 Town Watch
38:15 Fletching
39:02 Iron Casting
38:59 Bodkin Arrow
47:27 Bracer
電動遊戯
3:49 Loom
18:11 Feudal Age
24:58 Castle Age
23:55 Double-Bit Axe
23:53 Horse Collar
26:59 Fervor
32:24 Bow Saw
31:52 Pikeman
34:43 Forging
36:10 Ballistics
36:01 Fortified Wall
37:00 Murder Holes
Chad
2:45 Loom
14:19 Feudal Age
18:21 Castle Age
16:37 Double-Bit Axe
18:10 Horse Collar
19:10 Wheelbarrow
19:54 Horse Collar
24:19 Stone Mining
24:24 Gold Mining
25:04 Ballistics
25:18 Ballistics
26:27 Fletching
26:44 Scale Barding Armor
27:19 Corvinian Army
28:03 Husbandry
28:13 Bloodlines
28:20 Bloodlines
35:58 Herbal Medicine
only play blackforest map
4:39 Loom
17:31 Feudal Age
23:58 Scale Mail Armor
24:39 Forging
24:26 Arson
24:31 Horse Collar
25:21 Town Watch
26:59 Wheelbarrow
47:23 Castle Age
48:15 Town Patrol
52:06 Imperial Age
49:53 Hand Cart
49:34 Double-Bit Axe
49:30 Pikeman
50:14 Squires
50:33 Heavy Plow
51:28 Bow Saw
52:40 Padded Archer Armor
52:31 Fletching
53:28 Elite Skirmisher
55:28 Two-Man Saw
55:12 Leather Archer Armor
56:48 Ballistics
57:36 Bodkin Arrow
59:30 Chemistry
59:00 Bracer
Abetterhandle
5:38 Loom
13:08 Feudal Age
13:53 Double-Bit Axe
17:07 Gold Mining
19:48 Castle Age
19:17 Bloodlines
24:13 Squires
25:29 Forging
26:33 Horse Collar
35:58 Fletching
41:13 Imperial Age
38:54 Heavy Plow
58:48 Town Watch
ZAK
16:28 Feudal Age
20:45 Castle Age
18:46 Horse Collar
18:55 Double-Bit Axe
25:27 Wheelbarrow
24:37 Town Watch
31:32 Hand Cart
31:40 Padded Archer Armor
31:31 Fletching
35:39 Imperial Age
33:16 Scale Mail Armor
33:23 Heavy Plow
36:25 Bow Saw
38:43 Chemistry
40:32 Conscription
39:36 Elite Teutonic Knight
41:27 Gold Mining
44:25 Leather Archer Armor
zymini
4:03 Loom
15:53 Feudal Age
16:54 Double-Bit Axe
19:36 Castle Age
17:23 Horse Collar
21:09 Bow Saw
21:01 Heavy Plow
27:10 Szlachta Privileges
27:31 Bloodlines
27:21 Husbandry
28:27 Forging
28:51 Gold Mining
34:32 Scale Barding Armor
38:50 Chain Barding Armor
46:53 Wheelbarrow
47:30 Crossbowman
48:16 Thumb Ring
48:52 Iron Casting
48:09 Fletching
52:11 Imperial Age
49:45 Bodkin Arrow
49:51 Padded Archer Armor
50:15 Ballistics
51:21 Leather Archer Armor
53:13 Conscription
52:15 Arbalester
52:59 Bracer
54:03 Chemistry
Connection lost

Rejoining the realm…

Still unreachable

The connection could not be restored.

Session expired

The server has moved on; the page needs a fresh start.